 Dungeon Crawl Stone Soup version 0.30-a0-3-gc9032a9cac (webtiles) character file.

Game seed: 15719833345541083931

380 BritishOli the Trooper (level 6, -12/49 HPs)
             Began as a Demonspawn Fighter on Aug 20, 2022.
             Mangled by an ogre
             ... wielding a +0 giant club
              (26 damage)
             ... on level 4 of the Dungeon.
             The game lasted 00:04:21 (4132 turns).

BritishOli the Trooper (Demonspawn Fighter)         Turns: 4132, Time: 00:04:21

Health: -12/49     AC:  8    Str: 19    XL:     6   Next: 46%
Magic:  6/6        EV:  9    Int:  9    God:
Gold:   107        SH:  5    Dex: 18    Spells: 5/5 levels left

rFire   . . .      SeeInvis +    a - +0 long sword
rCold   . . .      Faith    .    c - +0 buckler
rNeg    . . .      Spirit   .    b - +0 scale mail
rPois   .          Reflect  .    (helmet restricted)
rElec   .          Harm     .    e - +0 cloak
rCorr   .          Rampage  .    (no gloves)
Will    .....                    (no boots)
Stlth   ..........               (no amulet)
HPRegen 0.16/turn                k - +6 ring of dexterity
MPRegen 0.10/turn                l - ring of see invisible

@: no status effects
A: antennae 1, demonic guardian 1, foul stench 1
a: no special abilities


You were on level 4 of the Dungeon.
You visited 1 branch of the dungeon, and saw 4 of its levels.

You collected 107 gold pieces.

Inventory:

Hand Weapons
 a - a +0 long sword (weapon)
Armour
 b - a +0 scale mail (worn)
 c - a +0 buckler (worn)
 e - a +0 cloak (worn)
 p - a +0 plate armour
Jewellery
 k - a +6 ring of dexterity (left hand)
 l - a ring of see invisible (right hand)
 m - a ring of ice
 q - a ring of ice
 t - an amulet of faith
Scrolls
 f - 2 scrolls of amnesia {unknown}
 h - a scroll of magic mapping {unknown}
 j - 2 scrolls of identify {unknown}
 n - 2 scrolls of fear {unknown}
 v - a scroll of poison {unknown}
Potions
 d - 2 potions of might
 g - 3 potions of lignification {unknown}
 i - 3 potions of flight {unknown}
 o - a potion of curing {unknown}
 r - 3 potions of heal wounds {unknown}
 s - a potion of mutation {unknown}
 u - a potion of degeneration {unknown}


   Skills:
 + Level 4.4 Fighting
 + Level 3.5 Long Blades
 + Level 4.0 Armour
 + Level 4.0 Shields


You had 5 spell levels left.
You didn't know any spells.
Your spell library contained the following spells:

 Spells                   Type           Power      Damage    Failure   Level
 Scorch                   Fire           0%         2d5       93%         2
 Corpse Rot               Necr/Pois/Air  0%         N/A       100%        4
 Dispel Undead            Necr           0%         3d6       100%        4
 Flame Wave               Conj/Fire      0%         2d4       100%        4
 Death Channel            Necr           0%         N/A       100%        6
 Summon Cactus Giant      Summ           0%         N/A       100%        6


Dungeon Overview and Level Annotations

Branches:
Dungeon (4/15)
 Temple: D:4-7

Altars:
Ashenzari
Hepliaklqana
Vehumet
Yredelemnul

Shops:
D:4 *

Annotations:
D:4 1 transporter, LucemDeus's ghost, amateur DrAE


Innate Abilities, Weirdness & Mutations

You have a pair of small antennae on your head.
A weak demonic guardian rushes to your aid.
You may rarely emit foul miasma when damaged in melee.


Message History

Found a transporter.
No target in view!
Found 5 atropa-tipped darts.
No target in view!
Found 3 stones.
Found a transporter.
The ogre shouts!
You hear an angry hiss.
You hear a shout!
No reachable target in view!
Found 4 stones.
The goblin shouts!
A giant cockroach comes into view.
The giant cockroach barely misses you.
You barely miss the giant cockroach. You block the giant cockroach's attack.
The giant cockroach bites you but does no damage.
You slash the giant cockroach!
You kill the giant cockroach!
Found a chain mail.
There is a transporter here.
You enter the transporter and appear at another place.
Found a leather armour.
Found a stone staircase leading down.
LucemDeus's ghost lets out a mournful wail.
The adder bites you. The adder attacks as you move away!
The adder bites you but does no damage.
You slash the adder!
You kill the adder!
You block the ogre's attack. The goblin barely misses you.
You closely miss the goblin. The goblin hits you but does no damage.
You completely miss the goblin.
The ogre hits you with a +0 giant club!!
The goblin hits you but does no damage.
You slash the ogre!
The ogre is heavily wounded.
The goblin closely misses you. The ogre hits you with a +0 giant club!
* * * LOW HITPOINT WARNING * * *
The goblin hits you but does no damage.
You hit the ogre.
The ogre is heavily wounded.
The ogre hits you with a +0 giant club!!
Ouch! That really hurt!
You die...

.#
#....#########...##
.# #...##......©##..#
.#
###...#8..#.#..8#..#
##
#.....#..#...#..#..##
#.#...#.........#....
#.#..©#....©...(#©..#
# #...#......{.(#..##
#.....#..#..g#..#..#
#.....#8..#.#@.8#.[#
#.....##....O..##...#
#..[...#########.....
#....................
..................###
...>##.####### ####
#. #.


You could see an ogre and a goblin.

Vanquished Creatures
  A black bear (D:4)
  A necrophage (D:4)
  An orc priest (D:3)
  A hound (D:3)
  An orc wizard (D:3)
  4 adders
  2 worms
  3 dart slugs
  13 orcs
  6 bats
  4 endoplasms
  3 giant cockroaches
  4 goblins
  7 hobgoblins
  4 jackals (D:3)
  3 quokkas (D:1)
  4 ball pythons
  5 frilled lizards (D:2)
  7 kobolds
  5 rats
79 creatures vanquished.

Vanquished Creatures (collateral kills)
  A quokka (D:3)
1 creature vanquished.

Grand Total: 80 creatures vanquished

Notes
Turn   | Place    | Note
-------+----------+-------------------------------------------
     0 | D:1      | BritishOli the Demonspawn Fighter began the quest for the
                  | Orb.
     0 | D:1      | Reached XP level 1. HP: 18/18 MP: 1/1
   312 | D:1      | Gained mutation: A weak demonic guardian rushes to your
                  | aid. [demonic ancestry]
   312 | D:1      | Reached XP level 2. HP: 24/24 MP: 2/2
   548 | D:1      | Found a faded altar of an unknown god.
  1521 | D:2      | Gained mutation: You may rarely emit foul miasma when
                  | damaged in melee. [demonic ancestry]
  1521 | D:2      | Reached XP level 3. HP: 29/29 MP: 3/3
  2347 | D:3      | Reached XP level 4. HP: 29/36 MP: 4/4
  2410 | D:3      | Found a hazy altar of Hepliaklqana.
  2446 | D:3      | Gained mutation: You have a pair of small antennae on your
                  | head. [demonic ancestry]
  2446 | D:3      | Reached XP level 5. HP: 39/42 MP: 5/5
  3475 | D:4      | Found a radiant altar of Vehumet.
  3503 | D:4      | Found Nolong's Gadget Gallery.
  3582 | D:4      | Found a broken altar of Ashenzari.
  3698 | D:4      | Found a basalt altar of Yredelemnul.
  3734 | D:4      | Reached XP level 6. HP: 40/48 MP: 6/6
  4101 | D:4      | Found a transporter.
  4106 | D:4      | Found a transporter.
  4106 | D:4      | Noticed LucemDeus's ghost (amateur DrAE)
  4132 | D:4      | Mangled by an ogre

Illustrated notes

Levels and vault maps discovered:
D:1:      arrival_zaba_pyramid, layout_basic, basic_ecumenical_altar
D:2:      layout_loops_ring, minmay_unequal
D:3:      layout_basic, mainiacjoe_overflow_paths
D:4:      layout_loops_ring, evilmike_ruin_ashenzari,
          lemuel_coloured_pillars_altar, lemuel_crystal_altar,
          gammafunk_ghost_arena, grunt_decor_junction, nicolae_shop_gadgets

Skill      XL: |  1  2  3  4  5  6 |
---------------+-------------------+-----
Long Blades    | 2 3 |  3.5
Armour         | 3 4 |  4.0
Shields        | 3 4 |  4.0
Fighting       | 4 |  4.4

Action                   |  1- 3 |  4- 6 || total
-------------------------+-------+-------++-------
Melee: Long sword        |   128 |   118 ||   246
Armor: Scale mail        |    54 |    88 ||   142
Dodge: Dodged            |    63 |    71 ||   134
Block: Buckler           |    42 |    36 ||    78

Table legend: (Time is in decaauts)
 A = Elapsed time spent in this place.
 B = Non-inter-level travel time spent in this place.
 C = Inter-level travel time spent in this place.
 D = Time resting spent in this place.
 E = Time spent auto-exploring this place.
 F = Levels seen in this place.
 G = Mean time per level.
                   A        B        C        D        E       F      G
               +--------+--------+--------+--------+--------+-----+--------+
         Total |   4207 |   4116 |     91 |    344 |   3133 |   4 | 1051.8 |
       Dungeon |   4207 |   4116 |     91 |    344 |   3133 |   4 | 1051.8 |
               +--------+--------+--------+--------+--------+-----+--------+

Top non-repeatable levels by time:
     D:3: 1338 daAuts
     D:1: 1183 daAuts
     D:2: 1018 daAuts
     D:4: 667 daAuts
